 Dungeon Crawl Stone Soup version 0.30-a0-457-g4b7bca3bfa (webtiles) character file.

Game seed: 606693787827258543

2627259 MackTheKnife the Warrior (level 27, 228/228 HPs)
             Began as a Djinni Hedge Wizard on Dec 13, 2022.
             Was the Champion of Ashenzari.
             Escaped with the Orb
             ... and 4 runes!
             The game lasted 03:13:53 (56802 turns).

MackTheKnife the Warrior (Djinni Hedge Wizard)     Turns: 56802, Time: 03:13:54

Health: 228/228    AC: 25    Str: 19    XL:     27
Gold:   7731       EV: 41    Int: 36    God:    Ashenzari [******] SH: 14 Dex: 30

rFire   + + +      SeeInvis +    d - +10 falchion "Eternal Scepticism" {vamp, rF+ MP+9 Int+10, long, Cun, Self} (curse)
rCold   + . .      Faith    .    m - +3 buckler "Repose of Ashenzari" {rC+, Self, Fort} (curse)
rNeg    + . .      Spirit   .    J - +1 pearl dragon scales of the Ruined Relativism {rN+ Regen+ Str+2, rare=g, Cun, Self} (curse)
rPois   ∞          Reflect  .    H - +1 helmet "Lashed Foul Odours" {Dex+7, Evo, Self} (curse)
rElec   +          Harm     .    N - scarf of the Eternal Gnosis {rC+ rF+, Cun, Melee} (curse)
rCorr   .          Rampage  .    A - +0 pair of gloves of the Manifest Planets {Cun, Melee} (curse)
Will    +++++      Clarity  +    (boots unavailable)
Stlth   +++.......               o - amulet of the Unyielding Gaze {Fly rElec Will+++ Regen+, Self, Fort} (curse)
HPRegen 2.18/turn                n - ring "Restrained With Me" {Str+6, Cun, Range} (curse)
MPRegen 0.00/turn                G - ring of the Wild Blue Yonder {EV+4 Int+4 Dex+4, Evo, Self} (curse)

@: flying, studying 2 skills
A: sickness immunity, fire resistance 2, cold vulnerability 1, float, innate
caster, HP casting, extra vitality 1, clarity, sturdy frame 1
0: Orb of Zot
}: 4/15 runes: serpentine, barnacled, slimy, silver
a: Renounce Religion, Shatter the Chains


You escaped.
You worshipped Ashenzari.
Ashenzari was exalted by your worship.
You visited 10 branches of the dungeon, and saw 52 of its levels.
You visited 1 bazaar.
You also visited: Sewer, Gauntlet, Ice Cave, Wizlab and Desolation.

You collected 11285 gold pieces.
You spent 3554 gold pieces at shops.


Innate Abilities, Weirdness & Mutations

You are immune to sickness and miasma.
You are immune to poison.
Your flesh is very heat resistant. (rF++)
You are vulnerable to cold. (rC-)
You float through the air rather than walking.
You learn spells naturally, not from books.
Your magical power is your life essence.
You have superior vitality. (+4 MHP)
You possess an exceptional clarity of mind.
Your movements are slightly less encumbered by armour. (ER -2)


   Skills:
 - Level 20.4(27) Fighting
 - Level 11.2(15.1) Long Blades
 - Level 8.6(12.5) Staves
 - Level 17.8(21.5) Armour
 - Level 20.1(27) Dodging
 - Level 14.8(22.0) Stealth
 - Level 16.3(20.1) Shields
 - Level 20.1(27) Spellcasting
 + Level 14.7(18.6) Evocations


You couldn't memorise any spells.
You knew the following spells:

 Your Spells              Type           Power      Damage    Failure   Level
a - Haunt                 Necr/Summ      63%        N/A       0%          7
b - Slow                  Hex            100%       N/A       0%          1
c - Blink                 Tloc           100%       N/A       0%          2
d - Starburst             Conj/Fire      63%        6d17      0%          6
e - Cigotuvi's Dreadful   Necr/Pois/Air  100%       N/A       0%          2
f - Mephitic Cloud        Conj/Pois/Air  100%       N/A       0%          3
g - Sting                 Tmut/Pois      100%       1d8       0%          1
h - Wereblood             Tmut           100%       N/A       0%          2
i - Swiftness             Air            100%       N/A       0%          3
j - Gell's Gravitas       Tloc           100%       N/A       0%          3
k - Passage of Golubria   Tloc           100%       N/A       0%          4
l - Metabolic Englaciati  Hex/Ice        63%        N/A       0%          5
m - Dispersal             Tloc           63%        N/A       0%          6
n - Magic Dart            Conj           100%       1d8       0%          1
o - Call Imp              Summ           100%       N/A       0%          2
p - Storm Form            Tmut/Air       63%        N/A       0%          7
q - Maxwell's Capacitive  Air            63%        ∞         1%          8
r - Ignition              Fire           63%        3d17      1%          8
s - Chain Lightning       Conj/Air       63%        3d84      1%          9
Your spell library was empty.

Inventory:

Hand Weapons
 c - a +0 quick blade of distortion {!wshortrare=g}
   (You took it off the Enchantress on level 4 of the Depths)
 d - the cursed +10 falchion "Eternal Scepticism" (weapon) {vamp, rF+ MP+9 Int+10, long, Cun, Self}
   (You bought it in a shop on level 2 of the Orcish Mines)

   It occasionally heals its wielder for a portion of the damage dealt when it
   wounds a living foe.
   Int:       It affects your intelligence (+10).
   rF:        It protects you from fire.
   MP:        It affects your magic capacity (+9).
   It has a curse which improves the following skills: Cunning: Dodging and
   Stealth.
   Introspection: Fighting and Spellcasting.
 q - a +1 quick blade of venom {shortrare=g}
   (You took it off a spriggan defender on level 4 of the Depths)
Armour
 b - +0 ice dragon scales
   (You found it on level 4 of the Depths)
 h - +0 ice dragon scales
   (You found it on level 4 of the Depths)
 m - the cursed +3 buckler "Repose of Ashenzari" (worn) {rC+, Self, Fort}
   (You took it off a tengu reaver on level 2 of the Depths)

   It has a curse which improves the following skills: Introspection: Fighting
   and Spellcasting.
   Fortitude: Armour and Shields.
 A - the cursed +0 pair of gloves of the Manifest Planets (worn) {Cun, Melee}
   (You found it on level 6 of the Dungeon)

   It has a curse which improves the following skills: Cunning: Dodging and
   Stealth.
   Melee Combat: Short Blades, Long Blades, Axes, Maces & Flails, Polearms,
   Staves and Unarmed Combat.
 H - the cursed +1 helmet "Lashed Foul Odours" (worn) {Dex+7, Evo, Self}
   (You found it in a Gauntlet)

   Dex:       It affects your dexterity (+7).
   It has a curse which improves the following skills: Evocations: Evocations.
   Introspection: Fighting and Spellcasting.
 J - the cursed +1 pearl dragon scales of the Ruined Relativism (worn) {rN+ Regen+ Str+2, rare=g, Cun, Self}
   (You found it in the Desolation of Salt)

   Str:       It affects your strength (+2).
   rN:        It protects you from negative energy.
   Regen:     It increases your rate of health regeneration.
   It has a curse which improves the following skills: Cunning: Dodging and
   Stealth.
   Introspection: Fighting and Spellcasting.
 N - the cursed scarf of the Eternal Gnosis (worn) {rC+ rF+, Cun, Melee}
   (You found it on level 4 of the Dungeon)

   It has a curse which improves the following skills: Cunning: Dodging and
   Stealth.
   Melee Combat: Short Blades, Long Blades, Axes, Maces & Flails, Polearms,
   Staves and Unarmed Combat.
Jewellery
 n - the cursed ring "Restrained With Me" (left hand) {Str+6, Cun, Range}
   (You found it on level 5 of the Dungeon)

   [ring of strength]

   Str:       It affects your strength (+6).
   It has a curse which improves the following skills: Cunning: Dodging and
   Stealth.
   Ranged Combat: Ranged Weapons and Throwing.
 o - the cursed amulet of the Unyielding Gaze (around neck) {Fly rElec Will+++ Regen+, Self, Fort}
   (You acquired it on level 10 of the Dungeon)

   [amulet of regeneration]

   rElec:     It insulates you from electricity.
   Fly:       It grants you flight.
   Regen:     It increases your rate of health regeneration.
   Will:      It greatly increases your willpower.
   It has a curse which improves the following skills: Introspection: Fighting
   and Spellcasting.
   Fortitude: Armour and Shields.
 w - a ring of poison resistance
   (You took it off a red draconian on level 4 of the Depths)
 G - the cursed ring of the Wild Blue Yonder (right hand) {EV+4 Int+4 Dex+4, Evo, Self}
   (You found it in a Gauntlet)

   [ring of evasion]

   EV:        It affects your evasion (+4).
   Int:       It affects your intelligence (+4).
   Dex:       It affects your dexterity (+4).
   It has a curse which improves the following skills: Evocations: Evocations.
   Introspection: Fighting and Spellcasting.
 U - the ring "Uxaf" {rC+ Dex+2}
   (You took it off a deep elf master archer on level 3 of the Elven Halls)

   [ring of protection from cold]

   Dex:       It affects your dexterity (+2).
   rC:        It protects you from cold.
Wands
 f - a wand of iceblast (42)
   (You found it on level 8 of the Dungeon)
 B - a wand of digging (19)
   (You found it on level 3 of the Snake Pit)
 R - a wand of quicksilver (17)
   (You found it on level 5 of the Dungeon)
 Z - a wand of paralysis (8)
   (You found it on level 5 of the Dungeon)
Scrolls
 g - 24 scrolls of teleportation {@r4}
 j - 3 scrolls of immolation {!r!r}
 k - 5 scrolls of blinking {!r}
 p - 2 scrolls of poison
 t - 4 scrolls of fear
 u - a scroll of brand weapon
 x - 6 scrolls of fog
 y - 7 scrolls of enchant weapon
 E - 5 scrolls of butterflies
 I - 2 scrolls of silence {!r}
Potions
 a - 6 potions of might
 e - 7 potions of ambrosia
 i - 2 potions of mutation {!q}
 l - 15 potions of heal wounds {@q2}
 r - 5 potions of berserk rage {!q}
 s - 6 potions of resistance
 v - 7 potions of invisibility
 z - 6 potions of brilliance
 C - 5 potions of cancellation
 M - 29 potions of curing {@q1}
 S - 7 potions of haste {@q3}
 V - 4 potions of lignification {!q}
Miscellaneous
 F - a condenser vane
   (You found it on level 4 of the Vaults)
 K - a lightning rod (4/4)
   (You found it in the Desolation of Salt)
 L - a phial of floods
   (You found it in a Gauntlet)
 X - a phantom mirror
   (You found it on level 3 of the Elven Halls)
 Y - a box of beasts
   (You found it on level 3 of the Elven Halls)

Dungeon Overview and Level Annotations

Branches:
Dungeon (15/15)            Temple (0/1) D:7            Lair (5/5) D:8
 Shoals (4/4) Lair:3        Snake (4/4) Lair:3        Slime (5/5) Lair:5
    Orc (2/2) D:9             Elf (3/3) Orc:2        Vaults (5/5) D:13
  Crypt (0/3) Vaults:3     Depths (4/4) D:15            Zot (5/5) Depths:4
  Sewer (visited)           IceCv (visited)          WizLab (visited)
Desolation (visited)      Gauntlet (visited)

Altars:
Ashenzari
Elyvilon
Gozag
Hepliaklqana
Ru
Trog
Xom
Yredelemnul
The Shining One

Shops:
D:1 ?[!(   D:7 *   Orc:2 *!*[(?   Elf:1 ((   Shoals:2 [   Snake:2 =
Vaults:1 [   Vaults:2 (   Vaults:4 *   Depths:3 *[**

Portals:
Hell: Depths:1 Depths:2 Depths:3 Depths:4
Abyss: D:1*** Depths:3
Pandemonium: Depths:2
Ziggurat: Depths:2

Annotations:
D:14 Roxanne
Shoals:1 1 runed translucent door, Kefraoll's ghost, adept BaCj
Snake:1 2 runed translucent doors, Duhuniy's ghost, adept GnRe
Elf:2 3 runed translucent doors
Vaults:4 Mennas
Zot:5 3 runed translucent doors, initializr's ghost, legendary DEFE

####################..#.#.....
######.....#####.#.######
##...#.....#...#...##....
##.∩.#.....#.∩.##..##....
##...#.....#.$.###.......
######.....#######.......
#........................
##........................
##........@..............##
#........................#
#........................#
#.######.....#####.......#
#.##...#.....#...#########
#.##.∩.#.....#.∩.##
#.##...#.....#...##
#.######.....##############
#.##################.......


There were no monsters in sight!


Message History

You slash Fymerri! Fymerri closely misses you. 😕 HP[+1]
You slash Fymerri! Fymerri closely misses you. 😕 HP[+1]
Casting: Maxwell's Capacitive Coupling (mildly dangerous; 1% risk of failure)
Confirm with . or Enter, or press ? or * to list all spells.
You begin accumulating electric charge. (Press . to continue charging.)
You feel charge building up... You block Fymerri's attack. 😕 HP[-7]
You take 7 damage, and now have 212/228 hp.
Unknown command.
You feel charge building up...
Fymerri hits you but does no damage. 😕 HP[+2]
You regained 2 hp, and now have 214/228 hp.
You feel charge building up... You block Fymerri's attack. 😕 HP[+1]
You feel charge building up...
Fymerri bursts into living lightning!
The living lightning misses you. The living lightning hits your wraith!
Fymerri blinks!
Your wraith hits Fymerri! Fymerri hits your wraith!! Fymerri burns your wraith.
Your wraith is destroyed!
Your wraith disappears in a puff of smoke! 😕 HP[+2]
You regained 2 hp, and now have 217/228 hp.
You feel charge building up... 😕 HP[+1] Unknown command.
The electricity discharges through Fymerri!
Fymerri vaporises in an electric haze!
You kill Fymerri! 😕 HP[+2]
You regained 2 hp, and now have 220/228 hp.
Unknown command.
There is a stone staircase leading up here. 😕 HP[+1]
You fly upwards.
There is a stone staircase leading down here. 😕 HP[+3]
You regained 3 hp, and now have 224/228 hp.
There is a stone staircase leading up here. 😎 HP[+4]
Your hp is fully restored (228).
You fly upwards.
There is a stone staircase leading down here.
(D) Dungeon (T) Temple (L) Lair (A) Shoals (P) Snake Pit (M) Slime Pits (O) Orcish Mines (E) Elven Halls (V) Vaults (C) Crypt (U) Depths (H) Hell (Z) Zot
Where to? (Enter - D:6 @ (x,y), ? - help)
What level of the Dungeon? (default 1, ? - help)
Your extra speed is starting to run out.
There is a stone staircase leading up here.
You fly upwards.
There is a stone staircase leading down here.
You feel yourself slow down.
There is a stone staircase leading up here.
You fly upwards.
There is a stone staircase leading down here.
There is a stone staircase leading up here.
There is a stone staircase leading up here.
You fly upwards.
There is a stone staircase leading down here.
There is a stone staircase leading up here.
You fly upwards.
There is a stone staircase leading down here.
Key pressed, stopping travel.
Unknown command.
Unknown command.
You see here a +0 hand axe {axe}.
You sense a monster nearby.
(D) Dungeon (T) Temple (L) Lair (A) Shoals (P) Snake Pit (M) Slime Pits (O) Orcish Mines (E) Elven Halls (V) Vaults (C) Crypt (U) Depths (H) Hell (Z) Zot
Where to? (Enter - D:1 @ (x,y), ? - help)
An orange demon comes into view.
Unknown command.
You block the orange demon's attack.
There is a staircase leading out of the dungeon here.
Casting: Maxwell's Capacitive Coupling (mildly dangerous; 1% risk of failure)
Confirm with . or Enter, or press ? or * to list all spells.
You begin accumulating electric charge. (Press . to continue charging.)
You feel charge building up...
The orange demon completely misses you. 😕 HP[-6]
You take 6 damage, and now have 222/228 hp.
You feel charge building up...
The orange demon completely misses you. 😕 HP[+2]
You regained 2 hp, and now have 224/228 hp.
You feel charge building up...
You block the orange demon's attack. 😕 HP[+2]
You regained 2 hp, and now have 226/228 hp.
The electricity discharges through the orange demon!
The orange demon vaporises in an electric haze!
You kill the orange demon! 😎 HP[+2]
Your hp is fully restored (228).
You have escaped!

Skill      XL: |  1  2  3  4  5  6  7  8  9 10 11 12 13 14 15 16 17 18 19 20 21 22 23 24 25 26 27 |
---------------+----------------------------------------------------------------------------------+-----
Spellcasting   | 3 4 5 6 8 9 12 14 15 17 19 20 | 20.1
Fighting       | 2 4 6 8 9 11 12 15 17 20 | 20.4
Dodging        | 3 5 7 9 11 13 15 20 | 20.1
Staves         | 4 6 8 |  8.6
Armour         | 4 5 7 8 11 13 17 | 17.8
Long Blades    | 7 9 11 | 11.2
Stealth        | 7 9 12 14 | 14.8
Evocations     | 7 14 | 14.7
Shields        | 9 13 16 | 16.3

Action                   |  1- 3 |  4- 6 |  7- 9 | 10-12 | 13-15 | 16-18 | 19-21 | 22-24 | 25-27 || total
-------------------------+-------+-------+-------+-------+-------+-------+-------+-------+-------++-------
Melee: Dagger            |     1 |       |       |       |       |       |       |       |       ||     1
       Hand axe          |     3 |    15 |     8 |       |       |       |       |       |       ||    26
       Quarterstaff      |       |       |    18 |   395 |   968 |       |       |       |       ||  1381
       Falchion          |       |       |       |       |   459 |  1230 |   796 |   740 |   688 ||  3913
       Punch             |       |       |       |       |    11 |    26 |     2 |       |       ||    39
       Unarmed           |       |       |       |       |       |       |       |       |     1 ||     1
 Cast: Magic Dart        |    60 |    88 |   123 |    29 |     1 |     1 |     1 |       |       ||   303
       Sting             |     3 |    53 |    70 |    26 |       |       |       |       |       ||   152
       Call Imp          |     1 |    15 |    29 |    34 |    16 |    10 |     1 |       |       ||   106
       Mephitic Cloud    |       |    16 |    46 |    87 |   141 |    24 |     4 |       |       ||   318
       Slow              |       |     1 |       |       |       |       |       |       |       ||     1
       Gell's Gravitas   |       |       |     4 |    23 |    18 |       |     3 |       |       ||    48
       Swiftness         |       |       |     1 |       |     1 |       |       |       |       ||     2
       Passage of Golubr |       |       |       |     1 |     1 |       |       |     3 |     1 ||     6
       Metabolic Englaci |       |       |       |       |   135 |   103 |    56 |    47 |    11 ||   352
       Blink             |       |       |       |       |     3 |     2 |       |       |     2 ||     7
       Wereblood         |       |       |       |       |     2 |       |       |       |       ||     2
       Dispersal         |       |       |       |       |     1 |     8 |       |       |       ||     9
       Haunt             |       |       |       |       |       |   102 |   110 |   153 |   132 ||   497
       Starburst         |       |       |       |       |       |       |   162 |   165 |    35 ||   362
       Maxwell's Capacit |       |       |       |       |       |       |       |     9 |    53 ||    62
       Ignition          |       |       |       |       |       |       |       |       |   158 ||   158
       Chain Lightning   |       |       |       |       |       |       |       |       |    43 ||    43
Invok: Curse Item        |       |       |       |     5 |     2 |     3 |     3 |       |     1 ||    14
       Shatter the Chain |       |       |       |     2 |     1 |       |     1 |       |     1 ||     5
Evoke: Wand              |       |       |       |     6 |    13 |       |       |       |     3 ||    22
       Phial of floods   |       |       |       |       |     2 |       |       |     1 |       ||     3
       Condenser vane    |       |       |       |       |       |       |       |     3 |     1 ||     4
       Phantom mirror    |       |       |       |       |       |       |       |       |     1 ||     1
  Use: Scroll            |       |     3 |    15 |     3 |     3 |       |     1 |     6 |    15 ||    46
       Potion            |       |       |       |       |     1 |       |       |     1 |     5 ||     7
 Stab: Confused          |       |     1 |     3 |    52 |   179 |    39 |     2 |       |       ||   276
       Distracted        |       |       |     1 |     2 |     3 |    21 |    16 |    18 |    23 ||    84
       Paralysed         |       |       |       |     8 |     7 |       |       |       |       ||    15
       Petrified         |       |       |       |       |     4 |     4 |       |       |       ||     8
       Petrifying        |       |       |       |       |     1 |     3 |       |       |       ||     4
       Sleeping          |       |       |       |       |     1 |    10 |     7 |     3 |     1 ||    22
Armor: Robe              |     3 |     7 |     7 |       |       |       |       |       |       ||    17
       Ring mail         |       |       |     1 |    20 |       |       |       |       |       ||    21
       Chain mail        |       |       |       |    86 |   405 |   241 |    87 |       |       ||   819
       Pearl dragon scal |       |       |       |       |       |       |    34 |    81 |   115 ||   230
Dodge: Dodged            |     9 |    25 |    42 |   187 |   805 |   983 |   546 |   546 |   626 ||  3769
Block: Buckler           |       |       |       |       |       |       |   272 |   226 |   231 ||   729
       Kite shield       |       |       |       |       |       |       |       |       |   313 ||   313

Levels and vault maps discovered:
D:1:      minmay_arrival_glassed_features, layout_basic, serial_shops,
          nicolae_shop_window_shopping, shop_statue, shop, nicolae_diamond_shop,
          chequers_arboretum
D:2:      minmay_chambers_of_twos, layout_loops_ring, basic_altar,
          chequers_ecumenical_altar_lobes
D:3:      layout_loops_ring, kennysheep_donut, chequers_serial_rivers_small_3
D:4:      layout_loops_ring, grunt_gozag_breadcrumbs,
          nicolae_ru_sacrificial_ziggurat, grunt_temple_overflow_open
D:5:      layout_basic, portal_sewer_entry_d, kennysheep_generic_room_14
D:6:      layout_loops_cross, amcnicky_altar_gilded,
          nicolae_ashenzari_panopticon, nicolae_elevator_lobby_plus
D:7:      layout_basic, minmay_temple_entry_waves, nicolae_stop_n_shop_2,
          uniq_crazy_yiuf_cottage
D:8:      layout_rooms, minmay_lair_entry_grove, serial_glass, glass_columns_b,
          glass_columns_a, glass_columns_b, glass_columns_c, glass_columns_a,
          glass_columns_b, minmay_orc_keep
D:9:      layout_long_grid, erik_orc_1
D:10:     layout_basic
D:11:     layout_loops_ring, uniq_snorg
D:12:     kennysheep_room_grid, layout_small_grid,
          hangedman_abyss_or_decor_slice, grunt_decor_cap
D:13:     layout_rooms, lightli_vaults_fourway_checkpoint, uniq_erolcha
D:14:     layout_irregular_city, serial_bayou, serial_bayou_pond_a,
          serial_bayou_shore_b, serial_bayou_pond_e, serial_bayou_lagoon_b,
          uniq_roxanne
D:15:     gammafunk_enter_depths_forms, layout_rooms, tso_altar
Lair:1:   layout_misc_corridors, grunt_megastairs_1, uniq_amaemon
Lair:2:   layout_layer_cave, uniq_nergalle, uniq_gastronok, uniq_maggie
Lair:3:   layout_regular_city, minmay_shoals_entry_centaurs,
          guppyfry_snake_entry_garden
Lair:4:   layout_loops_ring
Lair:5:   minmay_lair_end_frog_pond, layout_regular_city, slime_entry_2,
          gammafunk_lair_bear_cave, lemuel_fruit_tree
Shoals:1: layout_shoals, gammafunk_ghost_grave, nicolae_shoals_lost_giant_baths,
          abandoned_shop, ldierk_geyser
Shoals:2: layout_shoals, serial_shops, shop
Shoals:3: layout_shoals, nicolae_shoals_dead_sea_scrolls
Shoals:4: shoals_end_hangedman, layout_shoals,
          portal_ice_cave_entry_ice_simulacra, uniq_polyphemus
Snake:1:  layout_onion_interference, ebering_ghost_disaster_area, uniq_louise
Snake:2:  layout_onion, drop_trap, nicolae_take_the_stairs,
          nicolae_snake_gridmaze_big_u, serial_bayou_pond_c,
          hangedman_snake_corridor_cut
Snake:3:  layout_chambers
Snake:4:  grunt_snake_rune_serpentine_throne, layout_cave_town,
          nicolae_snake_guarding_the_ruins
Slime:1:  layout_caves, special_room [special_room_jelly]
Slime:2:  layout_caves
Slime:3:  layout_caves
Slime:4:  cheibrodos_slime_lost_civilization_2, layout_caves
Slime:5
Orc:1:    layout_caves
Orc:2:    grunt_orc_community_town_hall, layout_caves,
          grunt_orc_community_big_house_2, grunt_orc_community_big_house_2,
          grunt_orc_community_house_1, grunt_orc_community_house_3,
          grunt_orc_community_house_1, grunt_orc_community_house_1,
          serial_shops, shop, gauntlet_entry_generic, nicolae_shop_clearance
Elf:1:    minmay_elf_arrival_plus, layout_onion_city, basic_altar, serial_shops,
          shop, evilmike_minifort, drop_trap, nicolae_shop_firing_range
Elf:2:    elven_hall_of_blades_hangedman_original [grunt_blade_entry_basic],
          layout_geoelf_octagon
Elf:3:    elf_hall_gauntlet_wide, layout_rooms, basic_altar
Vaults:1: portal_desolation_entry_garden, v_pattern_5,
          nicolae_vaults_little_squares_3, hangedman_vaults_pinch,
          nicolae_vaults_border_crossing, grunt_vaults_focal,
          hangedman_vaults_trim, v_misc_3, ontoclasm_vaults_eye,
          layout_vaults_chaotic_city, serial_shops, nicolae_shop_stone,
          uniq_zenata
Vaults:2: st_lattice, hangedman_vaults_unwind, hangedman_vaults_restitches,
          nicolae_vaults_network_barrier, vaults_standard_mumra_x,
          ontoclasm_vaults_shuriken, nicolae_vaults_network_square,
          vaults_room_pools, grunt_vaults_hallway_short, v_misc_10,
          ontoclasm_vaults_claustrophobia, ontoclasm_vaults_ligature,
          nicolae_vaults_bisected_slash, ontoclasm_vaults_pinch, serial_ice_m,
          layout_vaults_ring, serial_shops, nicolae_shop_window_shopping
Vaults:3: mu_enter_wizlab_5, vaults_room_pools, nicolae_vaults_quadrants,
          minmay_crypt_entry_necro_gods, hangedman_vaults_stitches,
          ontoclasm_vaults_chip, nicolae_vaults_mini_display_case,
          dpeg_vaults_monster_box, layout_vaults_omnicross
Vaults:4: gammafunk_ghost_necromancy, ontoclasm_vaults_misaligned,
          ontoclasm_vaults_twist, v_misc_32, nicolae_vaults_network_quincunx
          [nicolae_vaults_network_quincunx_subvault,
          nicolae_vaults_network_quincunx_subvault,
          nicolae_vaults_network_quincunx_subvault,
          nicolae_vaults_network_quincunx_subvault,
          nicolae_vaults_network_quincunx_subvault], grunt_vaults_twisty,
          nicolae_vaults_shelves_hall, v_misc_29,
          nicolae_vaults_little_squares_3, layout_vaults_quadrants,
          serial_shops, freezing_bzr, nicolae_shop_behind_doors, uniq_mennas
Vaults:5: serial_shops, uniq_saint_roka, uniq_bai_suzhen
Depths:1: layout_honeycomb, corexii_leaking_fountain,
          pf_vacation_house_of_asmodeus, nicolae_hepliaklqana_hippocampus
Depths:2: minmay_the_grid_plus [minmay_the_grid_aliased_spiral,
          minmay_the_grid_dragon_a, minmay_the_grid_plusring,
          minmay_the_grid_dragon_b, minmay_the_grid_prize_four_corners],
          layout_cave_shapes, enter_ziggurat_d, lightli_too_deep, pan_entry,
          trog_three_pillars_becter, infiniplex_staircase_spiral_double, uniq_vv
Depths:3: kennysheep_gozag_temple, layout_gridlike, hell_entry, abyss_entry,
          serial_shops, nicolae_shop_stone, roderic_serpentine_path, uniq_mara
Depths:4: grunt_twist_and_shout, layout_basic, hell_entry, uniq_enchantress
Zot:1:    layout_concentric_octagons, lemuel_lake_of_fire
Zot:2:    layout_misc_corridors, basic_altar, st_large_dragon_hoard_4
Zot:3:    lemuel_halls_of_wrath, layout_misc_corridors
Zot:4:    kennysheep_ambush_hall, layout_concentric_octagons
Zot:5:    layout_twisted_circle, gammafunk_ghost_crypt

Notes
Turn   | Place    | Note
-------+----------+-------------------------------------------
     0 | D:1      | MackTheKnife the Djinni Hedge Wizard began the quest for
                  | the Orb.
     0 | D:1      | MackTheKnife set off with the following spells memorised:
                  | Magic Dart, Slow, Blink, Call Imp, Cigotuvi's Dreadful Rot,
                  | Mephitic Cloud.
     0 | D:1      | Reached XP level 1. HP: 15/15 MP: 0/0
     0 | D:1      | magus.rc [v1.9.6]
   149 | D:1      | Reached XP level 2. HP: 13/21 MP: 0/0
   256 | D:1      | Found Xaicoor's Antique Weapon Shop.
   271 | D:1      | Reached skill level 3 in Spellcasting
   294 | D:1      | Found Aklurety's Antique Armour Emporium.
   310 | D:1      | Found Ladgh's Distillery.
   437 | D:1      | Found Soyreloi's Magic Scroll Boutique.
   528 | D:1      | Bought a potion of heal wounds for 50 gold pieces
   791 | D:1      | Reached XP level 3. HP: 24/25 MP: 0/0
   791 | D:1      | Learned a level 1 spell: Sting
  1331 | D:2      | Reached XP level 4. HP: 28/31 MP: 0/0
  1363 | D:2      | Found a basalt altar of Yredelemnul.
  1689 | D:2      | Found a faded altar of an unknown god.
  1938 | D:2      | Reached skill level 4 in Spellcasting
  2141 | D:3      | Reached XP level 5. HP: 26/35 MP: 0/0
  2141 | D:3      | Learned a level 2 spell: Wereblood
  2265 | D:1      | Bought a scroll of teleportation for 30 gold pieces
  3037 | D:3      | Identified the +1 robe of the Hall of Blades {Stlth+}
  3107 | D:4      | Found a bloodstained altar of Trog.
  3123 | D:4      | Found a white marble altar of Elyvilon.
  3126 | D:4      | Noticed an ogre
  3140 | D:4      | Killed an ogre
  3141 | D:4      | Reached skill level 5 in Spellcasting
  3141 | D:4      | Reached XP level 6. HP: 29/40 MP: 0/0
  3445 | D:4      | Reached skill level 1 in Fighting
  3704 | D:4      | Found a sacrificial altar of Ru.
  3799 | D:4      | Found an opulent altar of Gozag.
  3967 | D:4      | Reached skill level 2 in Fighting
  3967 | D:4      | Reached XP level 7. HP: 46/49 MP: 0/0
  3967 | D:4      | Learned a level 3 spell: Swiftness
  4281 | D:5      | Entered Level 5 of the Dungeon
  4468 | D:5      | Found a glowing drain.
  4486 | Sewer    | Entered a sewer
  4665 | Sewer    | Reached skill level 3 in Fighting
  5055 | D:5      | Reached skill level 4 in Fighting
  5561 | D:5      | Reached XP level 8. HP: 49/58 MP: 0/0
  5867 | D:6      | Reached skill level 5 in Fighting
  6049 | D:6      | Reached skill level 6 in Spellcasting
  6320 | D:6      | Found a broken altar of Ashenzari.
  6537 | D:6      | Reached skill level 6 in Fighting
  6825 | D:6      | Found a basalt altar of Yredelemnul.
  6967 | D:6      | Became a worshipper of Ashenzari the Shackled
  7154 | D:7      | Found Ymuid's Assorted Antiques.
  7157 | D:7      | Bought a twisted golden ring for 135 gold pieces
  7183 | D:7      | Found a runed translucent door.
  7184 | D:7      | Noticed Crazy Yiuf
  7233 | D:7      | Noticed a shadow
  7396 | D:7      | Reached skill level 3 in Dodging
  7396 | D:7      | Reached XP level 9. HP: 55/66 MP: 0/0
  7396 | D:7      | Learned a level 3 spell: Gell's Gravitas
  7585 | D:7      | Killed Crazy Yiuf
  7712 | D:7      | magus.rc [v1.9.6]
  7748 | D:7      | Reached skill level 2 in Staves
  7868 | D:7      | Reached skill level 3 in Staves
  7923 | D:7      | Found a staircase to the Ecumenical Temple.
  8136 | D:7      | Reached skill level 4 in Staves
  8416 | D:8      | Reached skill level 1 in Armour
  8433 | D:8      | Reached skill level 3 in Armour
  8627 | D:8      | Reached skill level 4 in Armour
  8668 | D:8      | Reached XP level 10. HP: 41/72 MP: 0/0
  8831 | D:8      | Reached skill level 5 in Armour
  9066 | D:8      | Reached skill level 5 in Staves
  9192 | D:8      | Reached skill level 7 in Fighting
  9511 | D:8      | Found a staircase to the Lair.
  9642 | D:8      | Reached skill level 6 in Staves
  9803 | D:8      | Reached skill level 4 in Dodging
 10475 | D:9      | Reached skill level 8 in Fighting
 10565 | D:9      | Reached skill level 5 in Dodging
 10634 | D:9      | Noticed a two-headed ogre
 10659 | D:9      | Killed a two-headed ogre
 10660 | D:9      | Reached XP level 11. HP: 57/84 MP: 0/0
 10660 | D:9      | Learned a level 4 spell: Passage of Golubria
 10782 | D:9      | Reached skill level 6 in Dodging
 11295 | D:9      | Found a staircase to the Orcish Mines.
 11310 | D:9      | Reached skill level 9 in Fighting
 11465 | D:10     | Entered Level 10 of the Dungeon
 11716 | D:10     | Identified the +6 chain mail of the Shore {Dex+7 Stlth+}
 11846 | D:10     | Identified a scroll of acquirement
 11846 | D:10     | Acquired the amulet "Dux Jous" {Fly rElec Will+++ Regen+}
 11939 | D:10     | Reached skill level 7 in Dodging
 12082 | D:10     | Reached skill level 7 in Spellcasting
 12102 | D:10     | Reached skill level 6 in Armour
 12416 | D:10     | Noticed a manticore
 12430 | D:10     | Killed a manticore
 12446 | D:10     | Noticed a two-headed ogre
 12455 | D:10     | Killed a two-headed ogre
 12456 | D:10     | Reached skill level 7 in Armour
 12847 | Lair:1   | Entered Level 1 of the Lair of Beasts
 12884 | Lair:1   | Reached skill level 8 in Spellcasting
 12884 | Lair:1   | Reached XP level 12. HP: 50/91 MP: 0/0
 13048 | Lair:1   | Reached skill level 8 in Armour
 13079 | Lair:1   | Noticed Amaemon
 13115 | Lair:1   | Killed Amaemon
 13191 | Lair:1   | Reached * piety under Ashenzari
 13606 | Lair:2   | Noticed Nergalle
 13752 | Lair:2   | Noticed Gastronok
 13773 | Lair:2   | Killed Gastronok
 14047 | Lair:2   | Reached skill level 7 in Staves
 14333 | Lair:2   | Noticed Maggie
 14350 | Lair:2   | Killed Maggie
 14396 | Lair:2   | Noticed a boulder beetle
 14433 | Lair:2   | Killed a boulder beetle
 14479 | Lair:2   | Killed Nergalle
 14480 | Lair:2   | Reached skill level 8 in Staves
 15160 | Lair:3   | Found a staircase to the Shoals.
 15219 | Lair:3   | Reached skill level 9 in Spellcasting
 15272 | Lair:3   | Reached ** piety under Ashenzari
 15322 | Lair:3   | Found a staircase to the Snake Pit.
 15332 | Lair:3   | Reached XP level 13. HP: 89/99 MP: 0/0
 15332 | Lair:3   | Learned a level 5 spell: Metabolic Englaciation
 16291 | Lair:4   | Reached skill level 10 in Spellcasting
 16703 | Lair:4   | Reached skill level 11 in Spellcasting
 17153 | Lair:5   | Entered Level 5 of the Lair of Beasts
 17452 | Lair:5   | Reached skill level 12 in Spellcasting
 17620 | Lair:5   | Reached XP level 14. HP: 105/105 MP: 0/0
 18041 | Lair:5   | Found a runed translucent door.
 18042 | Lair:5   | Found a staircase to the Slime Pits.
 18078 | Lair:5   | Reached skill level 10 in Fighting
 18081 | Lair:5   | HP: 24/106 [komodo dragon (14)]
 18568 | Lair:5   | Reached skill level 11 in Fighting
 19483 | Orc:1    | Entered Level 1 of the Orcish Mines
 19611 | Orc:1    | Reached skill level 8 in Dodging
 19785 | Orc:2    | Entered Level 2 of the Orcish Mines
 19785 | Orc:2    | Found a gate leading to a gauntlet.
 19785 | Orc:2    | Found Olissa's Magic Scroll Shoppe.
 19792 | Gauntlet | Entered a Gauntlet
 19792 | Gauntlet | Found a transporter.
 19792 | Gauntlet | Found a runed translucent gate.
 19792 | Gauntlet | Found a transporter.
 19797 | Gauntlet | Found a runed translucent gate.
 19797 | Gauntlet | Found a runed translucent gate.
 19804 | Gauntlet | Identified the ring "Xiazufi" {EV+4 Int+4 Dex+4}
 19805 | Gauntlet | Found a transporter.
 19823 | Gauntlet | Found a transporter.
 19823 | Gauntlet | Found a transporter.
 19823 | Gauntlet | Found a transporter.
 19826 | Gauntlet | Found a transporter.
 19826 | Gauntlet | Found a transporter.
 19839 | Gauntlet | Found a transporter.
 19856 | Gauntlet | Identified the ring of the Will of the Gods {rN+ Int+4
                  | SInv}
 19857 | Gauntlet | Found a transporter.
 19866 | Gauntlet | Identified the +1 helmet "Alerhesu" {Dex+7}
 19867 | Gauntlet | Found a transporter.
 19882 | Gauntlet | Found a transporter.
 19904 | Gauntlet | Found a transporter.
 19904 | Gauntlet | Identified the ring "Wadyuhuf" {rC+ Will++ Str-2 Int+4}
 19913 | Gauntlet | Found a runed translucent door.
 19913 | Gauntlet | Found a runed translucent door.
 19917 | Gauntlet | Found a transporter.
 20180 | Gauntlet | Noticed a minotaur
 20499 | Orc:2    | Reached skill level 9 in Dodging
 20782 | Orc:2    | Noticed an orc warlord
 20798 | Orc:2    | Reached XP level 15. HP: 74/113 MP: 0/0
 20798 | Orc:2    | Learned a level 6 spell: Dispersal
 20826 | Orc:2    | Killed an orc warlord
 20827 | Orc:2    | Reached skill level 10 in Dodging
 20936 | Orc:2    | Found Zuamusuiz's Antique Armour Shop.
 20949 | Orc:2    | Found Wisoogg's Antique Weapon Boutique.
 20970 | Orc:2    | Bought an encrusted helmet for 332 gold pieces
 20970 | Orc:2    | Identified the +1 helmet of the Present {rCorr} (You bought
                  | it in a shop on level 2 of the Orcish Mines)
 21314 | Orc:2    | Found a staircase to the Elven Halls.
 21506 | Orc:2    | Found Yrchep's CLEARANCE SALE!.
 21609 | Orc:2    | Found Quish's Distillery.
 21629 | Orc:2    | Bought a potion of heal wounds for 55 gold pieces
 21638 | Orc:2    | Reached *** piety under Ashenzari
 21747 | Orc:2    | Reached skill level 11 in Dodging
 21759 | Orc:2    | Found Cyoz's General Store.
 21771 | Orc:2    | Bought the +10 falchion of Context {vamp, rF+ MP+9 Int+10}
                  | for 1526 gold pieces
 22045 | D:11     | Reached skill level 1 in Long Blades
 22080 | D:11     | Reached skill level 2 in Long Blades
 22246 | D:11     | Noticed Snorg
 22340 | D:11     | Reached skill level 3 in Long Blades
 22401 | D:11     | Killed Snorg
 22533 | D:11     | Reached skill level 4 in Long Blades
 22820 | D:12     | Reached skill level 5 in Long Blades
 22945 | D:12     | Reached skill level 6 in Long Blades
 23164 | D:12     | Reached skill level 7 in Long Blades
 23294 | D:12     | Acquired a manual of Stealth
 23369 | D:12     | Reached skill level 2 in Stealth
 23448 | D:12     | Reached skill level 3 in Stealth
 23532 | D:12     | Reached skill level 4 in Stealth
 23710 | D:12     | Reached skill level 5 in Stealth
 23932 | D:13     | Noticed Erolcha
 23932 | D:13     | Identified the +0 helmet "Ecyusil" {rElec rF- rCorr Slay+2}
 23949 | D:13     | Killed Erolcha
 23993 | D:13     | Reached skill level 6 in Stealth
 24101 | D:13     | Reached skill level 7 in Stealth
 24237 | D:13     | Found a gate to the Vaults.
 24248 | D:13     | Reached XP level 16. HP: 121/121 MP: 0/0
 24258 | D:13     | Reached skill level 8 in Stealth
 24284 | D:13     | Reached skill level 9 in Stealth
 24648 | D:13     | Reached skill level 1 in Evocations
 24878 | D:14     | Reached skill level 2 in Evocations
 25000 | D:14     | Reached skill level 3 in Evocations
 25090 | D:14     | Reached skill level 4 in Evocations
 25128 | D:14     | Reached **** piety under Ashenzari
 25160 | D:14     | Noticed Roxanne
 25220 | D:14     | Reached skill level 5 in Evocations
 25717 | D:15     | Entered Level 15 of the Dungeon
 25730 | D:15     | Reached skill level 6 in Evocations
 25803 | D:15     | Reached skill level 7 in Evocations
 26024 | D:15     | Reached skill level 8 in Long Blades
 26161 | D:15     | Found a glowing golden altar of the Shining One.
 26510 | D:15     | Reached skill level 9 in Long Blades
 26516 | D:15     | Found a staircase to the Depths.
 26595 | D:15     | Reached XP level 17. HP: 132/132 MP: 0/0
 26595 | D:15     | Learned a level 7 spell: Haunt
 26974 | Snake:1  | Entered Level 1 of the Snake Pit
 26976 | Snake:1  | Noticed Louise
 26993 | Snake:1  | Killed Louise
 27061 | Snake:1  | Reached skill level 10 in Long Blades
 27062 | Snake:1  | Identified the +0 robe of Qaraon {rN+}
 27095 | Snake:1  | HP: 29/123 [naga warrior/+0 glaive (11)]
 27379 | Snake:1  | Reached skill level 11 in Long Blades
 27401 | Snake:1  | Identified the +2 halberd of the Gloaming {freeze, rF+
                  | Str+2 Stlth-}
 27604 | Snake:1  | Found a large runed translucent door.
 27604 | Snake:1  | Found a large runed translucent door.
 27605 | Snake:1  | Noticed Duhuniy's ghost (adept GnRe)
 27810 | Snake:2  | Reached skill level 13 in Spellcasting
 27939 | Snake:2  | Found Begochic's Jewellery Emporium.
 27994 | Snake:2  | Reached ***** piety under Ashenzari
 28768 | Snake:3  | Reached skill level 14 in Spellcasting
 29197 | Snake:3  | Reached XP level 18. HP: 131/143 MP: 0/0
 29973 | Snake:4  | Entered Level 4 of the Snake Pit
 30051 | Snake:4  | Reached skill level 9 in Armour
 30626 | Snake:4  | Reached skill level 12 in Dodging
 30650 | Snake:4  | Reached skill level 10 in Armour
 30944 | Snake:4  | Reached skill level 13 in Dodging
 31015 | Snake:4  | Reached skill level 11 in Armour
 31190 | Snake:4  | Reached XP level 19. HP: 114/148 MP: 0/0
 31190 | Snake:4  | Learned a level 6 spell: Starburst
 31192 | Snake:4  | Reached skill level 12 in Fighting
 31397 | Snake:4  | Reached skill level 15 in Spellcasting
 31460 | Snake:4  | Got a serpentine rune of Zot
 31650 | Shoals:1 | Entered Level 1 of the Shoals
 31742 | Shoals:1 | Found a runed translucent door.
 31742 | Shoals:1 | Noticed Kefraoll's ghost (adept BaCj)
 32655 | Shoals:2 | Reached skill level 1 in Shields
 32678 | Shoals:2 | Reached skill level 2 in Shields
 32726 | Shoals:2 | Found Meifu's Antique Armour Shop.
 32744 | Shoals:2 | Reached skill level 3 in Shields
 33030 | Shoals:2 | Reached skill level 4 in Shields
 33370 | Shoals:3 | Reached skill level 5 in Shields
 33416 | Shoals:3 | Reached ****** piety under Ashenzari
 33645 | Shoals:3 | Reached skill level 6 in Shields
 34044 | Shoals:4 | Entered Level 4 of the Shoals
 34044 | Shoals:4 | Identified the +2 battleaxe of Inflation {freeze, Int+10}
 34072 | Shoals:4 | Found a frozen archway.
 34181 | IceCv    | Entered an ice cave
 34202 | IceCv    | Reached skill level 7 in Shields
 34256 | IceCv    | Found the +4 skin of Zhor {*Englaciate rC+++ SInv}
 34322 | IceCv    | Reached skill level 8 in Shields
 34531 | IceCv    | Identified a +2 crystal plate armour of cold resistance
 34539 | IceCv    | c - a +2 crystal plate armour of cold resistance {rare=g}
 34540 | IceCv    | You drop a +2 crystal plate armour of cold resistance
                  | {rare=g}.
 34544 | IceCv    | c - a +2 crystal plate armour of cold resistance {rare=g}
 34584 | IceCv    | Reached skill level 9 in Shields
 34584 | IceCv    | Reached XP level 20. HP: 143/166 MP: 0/0
 34710 | IceCv    | Reached skill level 10 in Stealth
 34779 | IceCv    | Identified the +1 pair of boots of the Big Bang {*Corrode
                  | rPois Str+2}
 34788 | IceCv    | Identified the +6 demon trident "Ucka" {venom, Dex+2}
 34860 | Shoals:4 | Reached skill level 11 in Stealth
 34891 | Shoals:4 | Got a barnacled rune of Zot
 35131 | Shoals:4 | Reached skill level 12 in Stealth
 35528 | Shoals:4 | Noticed Polyphemus
 35535 | Shoals:4 | Killed Polyphemus
 35551 | Shoals:4 | Reached skill level 10 in Shields
 35559 | Shoals:4 | Identified Simple Witchery
 36055 | Vaults:1 | Entered Level 1 of the Vaults
 36115 | Vaults:1 | Found Geshus's Armour Emporium.
 36190 | Vaults:1 | Found a crumbling gateway.
 36198 | Desolati | Entered the Desolation of Salt
 36217 | Desolati | Reached skill level 11 in Shields
 36317 | Desolati | Identified the +1 pearl dragon scales of Voracious Surprise
                  | {rN+ Regen+ Str+2}
 36326 | Desolati | J - the +1 pearl dragon scales of Voracious Surprise {rN+
                  | Regen+ Str+2, rare=g}
 36349 | Desolati | Reached skill level 12 in Shields
 36362 | Desolati | Identified the +0 robe "Kathuak" {rN+ Will+}
 36437 | Desolati | Identified the ring of Siuz {Will+ SInv}
 36447 | Desolati | Found the +8 orange crystal plate armour {Archmagi, Int+3
                  | Clar}
 36447 | Desolati | Identified the +8 sling of Causality {flame, rF++}
 36453 | Desolati | P - the +8 orange crystal plate armour {Archmagi, Int+3
                  | Clar, rare=g}
 36454 | Desolati | You drop the +8 orange crystal plate armour {Archmagi,
                  | Int+3 Clar, rare=g}.
 36455 | Desolati | P - the +8 orange crystal plate armour {Archmagi, Int+3
                  | Clar, rare=g}
 36456 | Desolati | You drop the +8 orange crystal plate armour {Archmagi,
                  | Int+3 Clar, rare=g}.
 36524 | Desolati | Identified the +0 scale mail of Circular Logic {Rampage
                  | rElec rN++ Slay+2}
 36573 | Desolati | Identified the +0 leather armour "Aklacara" {Rampage rElec
                  | Str+2}
 36654 | Desolati | Reached skill level 13 in Shields
 36684 | Desolati | Reached XP level 21. HP: 143/170 MP: 0/0
 36684 | Desolati | Learned a level 7 spell: Storm Form
 36818 | Vaults:1 | You finish putting on the +1 pearl dragon scales of
                  | Voracious Surprise {rN+ Regen+ Str+2, rare=g}.
 37080 | Vaults:1 | Reached skill level 14 in Dodging
 37263 | Vaults:1 | Your +1 pearl dragon scales of Voracious Surprise {rN+
                  | Regen+ Str+2, rare=g} glows black for a moment.
 37463 | Vaults:1 | Reached skill level 15 in Dodging
 37833 | Vaults:1 | Noticed Zenata
 37845 | Vaults:1 | Killed Zenata
 38141 | Vaults:2 | Reached skill level 13 in Fighting
 38378 | Vaults:2 | Reached skill level 14 in Fighting
 38663 | Vaults:2 | Reached skill level 15 in Fighting
 38732 | Vaults:2 | Acquired 614 gold pieces
 38761 | Vaults:2 | Reached XP level 22. HP: 119/184 MP: 0/0
 39010 | Vaults:2 | Found Juwiroeqas's Antique Weapon Shop.
 39401 | Vaults:3 | Found a magical portal.
 39410 | WizLab   | Entered Alistair's Party Mansion
 39494 | WizLab   | Reached skill level 16 in Fighting
 39570 | WizLab   | Identified a +1 robe of the Archmagi
 39864 | WizLab   | Reached skill level 17 in Fighting
 39881 | WizLab   | Acquired a manual of Dodging
 40032 | Vaults:3 | Reached skill level 16 in Dodging
 40105 | Vaults:3 | Found a staircase to the Crypt.
 40106 | Vaults:3 | Found a basalt altar of Yredelemnul.
 40306 | Vaults:3 | Reached skill level 17 in Dodging
 40682 | Vaults:3 | Reached skill level 18 in Dodging
 41178 | Vaults:4 | Found Zallis's Assorted Antiques.
 41186 | Vaults:4 | Found a gateway to a bazaar.
 41195 | Bazaar   | Entered a bazaar
 41208 | Bazaar   | Found Rionai's Armour Shop.
 41221 | Bazaar   | Found Giamam's Assorted Antiques.
 41234 | Bazaar   | Found Qadavi's Book Boutique.
 41263 | Bazaar   | Found Irphu's Assorted Antiques.
 41281 | Bazaar   | Bought a twitching steel ring for 115 gold pieces
 41281 | Bazaar   | Identified the ring of Kikubaaqudgha's Hope {*Slow rPois
                  | rF+ Will+} (You bought it in a shop in a bazaar)
 41282 | Bazaar   | Bought a potion of heal wounds for 115 gold pieces
 41461 | Vaults:4 | Reached skill level 19 in Dodging
 41822 | Vaults:4 | Reached skill level 20 in Dodging
 41942 | Vaults:4 | Reached XP level 23. HP: 180/195 MP: 0/0
 41942 | Vaults:4 | Learned a level 8 spell: Maxwell's Capacitive Coupling
 42461 | Vaults:4 | Found a runed translucent gate.
 42461 | Vaults:4 | Found a runed translucent gate.
 42462 | Vaults:4 | Found a runed translucent gate.
 42464 | Vaults:4 | Noticed Aclimpov's ghost (adept GrEE)
 42539 | Vaults:4 | Reached skill level 16 in Spellcasting
 42581 | Vaults:4 | Noticed Mennas
 42969 | Elf:1    | Entered Level 1 of the Elven Halls
 43022 | Elf:1    | Found Uxeg's Firing Range.
 43278 | Elf:1    | Found Holios's Weapon Shop.
 43699 | Elf:1    | Identified the Spellbook of the Crypt
 44080 | Elf:2    | Found a runed translucent gate.
 44080 | Elf:2    | Found a runed translucent gate.
 44081 | Elf:2    | Found a runed translucent gate.
 44135 | Elf:2    | Identified the +10 spear of Action {holy, rElec rC+ rCorr}
 44392 | Elf:3    | Entered Level 3 of the Elven Halls
 44396 | Elf:3    | Reached skill level 17 in Spellcasting
 44593 | Elf:3    | Found a shimmering altar of Xom.
 44593 | Elf:3    | Identified the +0 ring mail of Boxarph {rN+ Int+4}
 44996 | Elf:3    | Identified the +5 great sword of Tuar {flame, Str+4}
 45032 | Elf:3    | Identified the ring "Uxaf" {rC+ Dex+2}
 45038 | Elf:3    | Identified the +1 dagger "Peont" {holy, Int+3 Dex+2 SInv}
 45045 | Elf:3    | Identified the Monograph on Clouds
 45126 | Elf:3    | Identified the +6 broad axe "Nomusear" {vorpal, rF++}
 45126 | Elf:3    | Identified the ring "Megride" {rPois MP+9 Dex+2 SInv}
 45153 | Elf:3    | Identified the +4 scale mail of Okawaru's Condemnation
                  | {Int+2 Dex+4}
 45161 | Elf:3    | Reached XP level 24. HP: 146/202 MP: 0/0
 46196 | Vaults:5 | Entered Level 5 of the Vaults
 46264 | Vaults:5 | Reached skill level 18 in Spellcasting
 46328 | Vaults:5 | a +0 executioner's axe {axerare=g}; a +0 leather armour; 31
                  | gold pieces
 46593 | Vaults:5 | Reached skill level 19 in Spellcasting
 46711 | Vaults:5 | Noticed a golden dragon
 46753 | Vaults:5 | Killed a golden dragon
 46753 | Vaults:5 | Identified +0 gold dragon scales
 46755 | Vaults:5 | +0 gold dragon scales {rare}; a golden dragon corpse
 46794 | Vaults:5 | Noticed Saint Roka
 46838 | Vaults:5 | Killed Saint Roka
 46851 | Vaults:5 | a yaktaur captain comes into view. It is wielding the +27
                  | heavy crossbow "Sniper" {vorpal, Acc+∞ SInv}.
 46886 | Vaults:5 | Noticed a golden dragon
 46896 | Vaults:5 | Killed a golden dragon
 46896 | Vaults:5 | Identified +0 gold dragon scales
 46917 | Vaults:5 | Noticed a golden dragon
 46952 | Vaults:5 | O - a +0 executioner's axe {axerare=g}
 46959 | Vaults:5 | You drop a +0 executioner's axe {axerare=g}.
 47000 | Vaults:5 | Identified the +1 robe of Haunted Salvation {rN+ Stlth+}
 47033 | Vaults:5 | Got a silver rune of Zot
 47079 | Vaults:5 | Noticed Bai Suzhen
 47090 | Vaults:5 | Killed Bai Suzhen
 47149 | Vaults:5 | Identified the +8 scimitar of the Philosopher {drain, Fly}
 47172 | Vaults:5 | Reached XP level 25. HP: 115/208 MP: 0/0
 47172 | Vaults:5 | Learned a level 8 spell: Ignition
 47321 | Vaults:5 | Reached skill level 20 in Spellcasting
 47629 | Depths:1 | Entered Level 1 of the Depths
 48123 | Depths:1 | Found a gateway to Hell.
 48182 | Depths:1 | Found a hazy altar of Hepliaklqana.
 48345 | Depths:1 | Reached skill level 14 in Shields
 49020 | Depths:2 | Reached skill level 15 in Shields
 49020 | Depths:2 | Found a bloodstained altar of Trog.
 49101 | Depths:2 | Noticed a pearl dragon
 49110 | Depths:2 | Killed a pearl dragon
 49110 | Depths:2 | Identified +0 pearl dragon scales
 49123 | Depths:2 | P - +0 pearl dragon scales {rare=g}
 49147 | Depths:2 | Reached skill level 16 in Shields
 49161 | Depths:2 | Noticed Vv
 49204 | Depths:2 | Killed Vv
 49264 | Depths:2 | b - +0 storm dragon scales {rare}
 49343 | Depths:2 | Found a one-way gateway to a ziggurat.
 49362 | Depths:2 | Found a one-way gate leading to the halls of Pandemonium.
 49710 | Depths:2 | Reached XP level 26. HP: 172/211 MP: 0/0
 49733 | Depths:2 | quicksilver dragon scales {rare}; a quicksilver dragon
                  | corpse
 49733 | Depths:2 | quicksilver dragon scales {rare}; a quicksilver dragon
                  | corpse
 49733 | Depths:2 | Could not pick up quicksilver dragon scales {rare} here;
                  | ([A]lways) ignore it?
 49733 | Depths:2 | Could not pick up quicksilver dragon scales {rare} here;
                  | ([A]lways) ignore it?
 49733 | Depths:2 | Could not pick up quicksilver dragon scales {rare} here;
                  | ([A]lways) ignore it?
 50011 | Depths:2 | Identified Sif Muna's Catalogue of the Flaming Glacier
 50011 | Depths:2 | Identified the +9 ring mail "Samarr" {rPois}
 50189 | Depths:2 | You drop +0 storm dragon scales {rare}.
 50190 | Depths:2 | You drop a +2 crystal plate armour of cold resistance
                  | {rare=g}.
 50192 | Depths:2 | You drop +0 pearl dragon scales {rare=g}.
 50456 | Vaults:4 | Reached skill level 18 in Fighting
 50464 | Vaults:4 | Killed Aclimpov's ghost
 50859 | Slime:1  | Entered Level 1 of the Pits of Slime
 50883 | Slime:1  | Gained mutation: Your body sometimes deteriorates upon
                  | taking damage. [a shining eye]
 50948 | Slime:1  | Gained mutation: You occasionally shout uncontrollably at
                  | your foes. [a shining eye]
 51056 | Slime:2  | Reached skill level 19 in Fighting
 51260 | Slime:5  | Entered Level 5 of the Pits of Slime
 51357 | Slime:5  | Reached skill level 20 in Fighting
 51397 | Slime:5  | Noticed the Royal Jelly
 51401 | Slime:5  | Killed the Royal Jelly
 51493 | Slime:5  | Identified the +5 short sword of Hell's Wrath {drain, rPois
                  | Int+4 Dex-2}
 51496 | Slime:5  | Identified The Lost Volume of Boris
 51497 | Slime:5  | Identified the +9 lajatang "Ciloor" {vorpal, rPois rC-
                  | Will++}
 51498 | Slime:5  | Identified the ring "Cairy" {rElec SInv}
 51499 | Slime:5  | Identified the +7 hand crossbow "Otaseapn" {vorpal, rCorr}
 51499 | Slime:5  | Identified the Cyclopedia of the Salvo and the Welkin
 51500 | Slime:5  | Identified the +3 leather armour of Ignis's Supremacy
                  | {*Slow rN++ rCorr Str+4}
 51500 | Slime:5  | Identified the ring of Cioriub {Fire rPois Will- Int+3}
 51519 | Slime:5  | Got a slimy rune of Zot
 52026 | Depths:3 | Noticed Mara
 52031 | Depths:3 | Killed Mara
 52113 | Depths:3 | Found Jungeich's General Store.
 52121 | Depths:3 | Bought a scroll of acquirement for 1196 gold pieces
 52121 | Depths:3 | Acquired 577 gold pieces
 52368 | Depths:3 | Found Gozag's Antique Armour Shop.
 52391 | Depths:3 | Found an opulent altar of Gozag.
 52391 | Depths:3 | Found Gozag's Assorted Antiques.
 52401 | Depths:3 | Found Gozag's Assorted Antiques.
 52479 | Depths:3 | Identified +0 gold dragon scales
 52480 | Depths:3 | Reached skill level 12 in Armour
 52482 | Depths:3 | +0 gold dragon scales {rare}; 19 gold pieces; a golden
                  | dragon corpse
 52571 | Depths:3 | b - +0 gold dragon scales {rare}
 52626 | Depths:3 | You drop +0 gold dragon scales {rare}.
 53028 | Depths:4 | Entered Level 4 of the Depths
 53035 | Depths:4 | the Enchantress comes into view. She is wielding a +0 quick
                  | blade of distortion, wearing the +3 faerie dragon scales
                  | {rElec rPois rCorr Dex+3} and wearing a +1 buckler of
                  | poison resistance.
 53035 | Depths:4 | Noticed the Enchantress
 53036 | Depths:4 | Here: the Enchantress, wielding a +0 quick blade of
                  | distortion, wearing the +3 faerie dragon scales {rElec
                  | rPois rCorr Dex+3} and wearing a +1 buckler of poison
                  | resistance (moderately wounded, repelling missiles, ally
                  | target)
 53039 | Depths:4 | Killed the Enchantress
 53045 | Depths:4 | Reached skill level 13 in Armour
 53096 | Depths:4 | c - a +0 quick blade of distortion {!wshortrare=g}
 53096 | Depths:4 | q - a +1 quick blade of venom {shortrare=g}
 53266 | Depths:4 | Reached XP level 27. HP: 188/228 MP: 0/0
 53266 | Depths:4 | Learned a level 9 spell: Chain Lightning
 53321 | Depths:4 | Found a gate to the Realm of Zot.
 53330 | Depths:4 | Reached skill level 14 in Armour
 53434 | Depths:4 | Noticed a caustic shrike
 53434 | Depths:4 | Noticed a caustic shrike
 53438 | Depths:4 | Killed a caustic shrike
 53438 | Depths:4 | Killed a caustic shrike
 53439 | Depths:4 | Noticed a caustic shrike
 53442 | Depths:4 | Noticed a caustic shrike
 53444 | Depths:4 | Killed a caustic shrike
 53628 | Depths:4 | Reached skill level 15 in Armour
 53787 | Depths:4 | Killed a caustic shrike
 54273 | Zot:1    | Entered Level 1 of the Realm of Zot
 54316 | Zot:1    | +0 shadow dragon scales {rare}; a shadow dragon corpse
 54329 | Zot:1    | +0 shadow dragon scales {rare}; a shadow dragon corpse
 54400 | Zot:3    | Reached skill level 16 in Armour
 54808 | Zot:3    | Acquired a manual of Stealth
 54841 | Zot:3    | Reached skill level 13 in Stealth
 54869 | Zot:3    | Reached skill level 14 in Stealth
 55013 | Zot:4    | Noticed a curse toe
 55017 | Zot:4    | Noticed a Killer Klown
 55085 | Zot:4    | Killed a curse toe
 55092 | Zot:4    | the cursed +1 pearl dragon scales of the Ruined Relativism
                  | {rN+ Regen+ Str+2, rare=g, Cun, Self} melds into your body.
 55099 | Zot:4    | Killed a Killer Klown
 55100 | Zot:4    | Reached skill level 17 in Armour
 55167 | Zot:3    | the cursed +1 pearl dragon scales of the Ruined Relativism
                  | {rN+ Regen+ Str+2, rare=g, Cun, Self} unmelds from your
                  | body.
 55167 | Zot:3    | Identified the cursed scarf of the Eternal Gnosis {rC+ rF+,
                  | Cun, Melee} (You found it on level 4 of the Dungeon)
 55167 | Zot:3    | Identified the cursed +0 pair of gloves of the Manifest
                  | Planets {Cun, Melee} (You found it on level 6 of the
                  | Dungeon)
 55167 | Zot:3    | Identified the cursed +3 buckler "Repose of Ashenzari"
                  | {rC+, Self, Fort} (You took it off a tengu reaver on level
                  | 2 of the Depths)
 55167 | Zot:3    | Identified the cursed ring "Restrained With Me" {Str+6,
                  | Cun, Range} (You found it on level 5 of the Dungeon)
 55305 | Zot:5    | Entered Level 5 of the Realm of Zot
 55310 | Zot:5    | Noticed a curse toe
 55325 | Zot:5    | Killed a curse toe
 55330 | Zot:5    | magus.rc [v1.9.6]
 55414 | Zot:5    | Noticed a curse toe
 55421 | Zot:5    | Killed a curse toe
 55600 | Zot:5    | Found a runed translucent gate.
 55601 | Zot:5    | Found a runed translucent gate.
 55613 | Zot:5    | Found a runed translucent gate.
 55615 | Zot:5    | Noticed a dread lich
 55615 | Zot:5    | Noticed an ancient lich
 55615 | Zot:5    | Identified Kikubaaqudgha's Octavo of Shadows
 55615 | Zot:5    | Identified the amulet "Tumm" {Spirit -Tele rPois Regen+
                  | Str+10}
 55616 | Zot:5    | Noticed initializr's ghost (legendary DEFE)
 55616 | Zot:5    | Identified the +0 helmet of the Abyss {Str+7}
 55616 | Zot:5    | Noticed a dread lich
 55618 | Zot:5    | Noticed a dread lich
 55623 | Zot:5    | Identified Sesaff's Handbook of Enchantment and Command
 55816 | Zot:5    | Reached skill level 8 in Evocations
 55833 | Zot:5    | Noticed a dread lich
 55838 | Zot:5    | Killed a dread lich
 55839 | Zot:5    | Reached skill level 9 in Evocations
 55843 | Zot:5    | Noticed an orb of fire
 55844 | Zot:5    | Noticed an orb of fire
 55855 | Zot:5    | Noticed an orb of fire
 55856 | Zot:5    | Killed an orb of fire
 55858 | Zot:5    | Noticed a Killer Klown
 55861 | Zot:5    | Killed an orb of fire
 55862 | Zot:5    | Reached skill level 10 in Evocations
 55866 | Zot:5    | Noticed a Killer Klown
 55867 | Zot:5    | Killed an orb of fire
 55919 | Zot:5    | Killed a Killer Klown
 55923 | Zot:5    | Killed a Killer Klown
 55935 | Zot:5    | Lost mutation: You occasionally shout uncontrollably at
                  | your foes. [potion of mutation]
 55935 | Zot:5    | Lost mutation: Your body sometimes deteriorates upon taking
                  | damage. [potion of mutation]
 55935 | Zot:5    | Gained mutation: Armour fits poorly on your strangely
                  | shaped body. [potion of mutation]
 55937 | Zot:5    | Lost mutation: Armour fits poorly on your strangely shaped
                  | body. [potion of mutation]
 55937 | Zot:5    | Gained mutation: You possess an exceptional clarity of
                  | mind. [potion of mutation]
 55937 | Zot:5    | Gained mutation: Your movements are slightly less
                  | encumbered by armour. (ER -2) [potion of mutation]
 55948 | Zot:5    | Noticed an electric golem
 55972 | Zot:5    | Killed an electric golem
 55973 | Zot:5    | Reached skill level 11 in Evocations
 55974 | Zot:5    | Noticed a Killer Klown
 55979 | Zot:5    | Killed a Killer Klown
 55982 | Zot:5    | Noticed a Killer Klown
 55990 | Zot:5    | Killed a Killer Klown
 56001 | Zot:5    | Noticed a Killer Klown
 56007 | Zot:5    | Killed a Killer Klown
 56043 | Zot:5    | Reached skill level 12 in Evocations
 56058 | Zot:5    | Noticed a Killer Klown
 56064 | Zot:5    | Noticed a Killer Klown
 56066 | Zot:5    | Killed a Killer Klown
 56077 | Zot:5    | Killed a Killer Klown
 56078 | Zot:5    | Reached skill level 13 in Evocations
 56121 | Zot:5    | Noticed an orb of fire
 56129 | Zot:5    | Noticed an electric golem
 56129 | Zot:5    | Noticed an orb of fire
 56133 | Zot:5    | Killed an orb of fire
 56137 | Zot:5    | Killed an orb of fire
 56142 | Zot:5    | Killed an electric golem
 56143 | Zot:5    | Noticed a dread lich
 56149 | Zot:5    | Reached skill level 14 in Evocations
 56152 | Zot:5    | Killed a dread lich
 56201 | Zot:5    | Got the Orb of Zot
 56221 | Zot:5    | Noticed Saurinag the pandemonium lord
 56430 | Depths:3 | Noticed Kacvoargh the pandemonium lord
 56646 | D:7      | Noticed Fymerri the pandemonium lord
 56669 | D:7      | Killed Fymerri the pandemonium lord
 56802 | D:$      | Escaped with the Orb!

Vanquished Creatures
  the Royal Jelly (Slime:5)
  2 dread liches (Zot:5)
  Mara (Depths:3)
  5 orbs of fire (Zot:5)
  A pandemonium lord (D:7)
  7 Killer Klowns (Zot:5)
  Bai Suzhen (Vaults:5)
  3 curse toes
  Saint Roka (Vaults:5)
  4 caustic shrikes (Depths:4)
  A golden dragon (Depths:4)
  the Enchantress (Depths:4)
  A pearl dragon (Depths:2)
  2 electric golems (Zot:5)
  Zenata (Vaults:1)
  2 liches
  19 Orb Guardians (Zot:5)
  6 tentacled monstrosities
  2 deep elf blademasters (Elf:3)
  A walking earthen tome (Depths:4)
  18 acid blobs
  3 quicksilver dragons
  3 titans (Vaults:5)
  A deep elf master archer (Elf:3)
  4 death cobs
  5 shadow dragons
  4 sphinxes
  6 storm dragons
  5 tengu reavers
  4 draconian monks
  Gastronok (Lair:2)
  2 nagarajas
  2 draconian knights
  10 fire giants
  10 rockslimes
  7 azure jellies
  10 frost giants
  4 deep elf sorcerers
  An iron dragon (Depths:3)
  15 vault wardens
  A draconian shifter (Zot:3)
  An imperial myrmidon (Desolation)
  A ghost moth (Zot:5)
  A balrug (Depths:2)
  5 deep elf elementalists
  2 war gargoyles
  10 quicksilver oozes
  3 demonspawn corrupters (WizLab)
  2 orc warlords
  5 spriggan defenders
  14 ironbound preservers
  6 draconian annihilators
  18 stone giants
  20 very ugly things
  A vampire knight (Depths:4)
  8 ironbound thunderhulks
  A demonspawn black sun (D:7)
  4 black draconians
  3 deep elf demonologists
  3 halazid warlocks (Desolation)
  4 green draconians (Zot:3)
  2 spark wasps (Depths:2)
  3 deep elf annihilators
  4 white draconians
  9 purple draconians
  4 red draconians
  5 yellow draconians
  A spark wasp (shapeshifter) (Vaults:5)
  Snorg (D:11)
  8 ettins
  3 crystal guardians
  2 merfolk javelineers (Shoals:4)
  6 fire dragons
  4 deep elf death magi (Elf:3)
  5 merfolk impalers
  A deep elf high priest (Elf:2)
  5 ragged hierophants (Desolation)
  2 entropy weavers
  6 great orbs of eyes
  A rakshasa (D:15)
  12 yaktaur captains
  2 salamander tyrants
  4 ice dragons
  A spriggan air mage (Depths:4)
  6 servants of whispers (Desolation)
  3 ogre magi
  Erolcha (D:13)
  28 vault guards
  A merfolk avatar (Shoals:4)
  9 anacondas
  5 peacekeepers
  18 two-headed ogres
  3 catoblepae
  An alligator snapping turtle (Shoals:2)
  A death knight (D:14)
  2 spectral frost giants (Vaults:4)
  5 ironbound frosthearts
  11 boulder beetles
  12 naga warriors
  7 centaur warriors
  A merfolk aquamancer (Shoals:4)
  10 death yaks
  13 dancing weapons
  3 satyrs
  4 tengu warriors
  4 deep troll shamans
  14 deep troll earth magi
  6 spriggan berserkers
  3 shock serpents
  A vampire mage (Depths:2)
  3 naga sharpshooters (Snake:4)
  2 hell knights
  Nergalle (Lair:2)
  9 deep elf knights
  5 orc high priests (Orc:2)
  A sixfirhy (Zot:2)
  A spectral yaktaur (Vaults:4)
  A spectral human (Vaults:4)
  13 iron trolls
  4 sun demons
  Amaemon (Lair:1)
  A spriggan druid (WizLab)
  10 skeletal warriors
  4 sea snakes
  5 salamander mystics
  A quicksilver dragon simulacrum (Vaults:4)
  76 deep trolls
  A glowing orange brain (Slime:4)
  2 goliath frogs (Lair:5)
  2 flayed ghosts (Depths:2)
  6 wizards
  A spriggan simulacrum (Shoals:4)
  5 naga ritualists
  6 lindwurms
  4 deep elf archers
  3 necromancers
  13 deep elf zephyrmancers
  6 phantasmal warriors
  9 deep elf pyromancers
  10 mana vipers
  15 harpies
  16 ironbound convokers
  A mana viper (shapeshifter) (Vaults:1)
  2 cyclopes
  4 orc knights
  6 orc sorcerers
  10 moths of wrath
  2 shining eyes (Slime:1)
  58 ugly things
  14 salamanders
  3 nameless horrors
  11 manticores
  7 fauns
  A tengu skeleton (Depths:2)
  17 guardian serpents
  A worldbinder (WizLab)
  3 merfolk sirens
  4 water nymphs
  A smoke demon (Depths:2)
  A stone giant zombie (Depths:2)
  An eye of devastation (shapeshifter) (Vaults:5)
  17 elephants
  A frost giant skeleton (Depths:2)
  11 naga magi
  An eye of devastation (Slime:5)
  A water nymph (shapeshifter) (D:15)
  4 gargoyles
  30 black mambas
  Maggie (Lair:2)
  11 vault sentinels
  2 orange demons
  18 cane toads
  2 kobold demonologists (D:10)
  2 unseen horrors (D:12)
  3 freezing wraiths
  19 rime drakes
  4 efreet
  25 yaktaurs
  A komodo dragon (shapeshifter) (D:12)
  2 anaconda simulacra (Shoals:4)
  A queen bee (Gauntlet)
  12 komodo dragons
  6 tengu conjurers
  A wind drake (shapeshifter) (D:14)
  14 polar bears
  A polar bear (shapeshifter) (D:15)
  A tyrant leech (Lair:5)
  14 merfolk
  5 wind drakes
  3 meliai (D:14)
  11 hornets
  51 saltlings (Desolation)
  A tengu simulacrum (Vaults:4)
  2 tarantellas (shapeshifter)
  11 trolls
  3 sphinx simulacra (Vaults:4)
  67 slime creatures
  13 blink frogs
  6 snapping turtles (Shoals:4)
  A stone giant simulacrum (Vaults:4)
  5 dream sheep
  A jumping spider (Vaults:4)
  6 shadows
  11 spriggans
  An air elemental (Elf:3)
  42 yaks
  7 wyverns
  12 water elementals
  3 wraiths
  2 vampires
  3 fire elementals
  3 golden eyes (Slime:4)
  A steam dragon (D:9)
  6 basilisks
  2 human simulacra (Vaults:4)
  A yaktaur simulacrum (Vaults:4)
  7 vampire mosquitoes
  A minotaur simulacrum (Shoals:4)
  A harpy simulacrum (Shoals:4)
  5 wargs
  An acid dragon (D:13)
  25 nagas
  16 water moccasins
  A glowing shapeshifter skeleton (Vaults:4)
  31 orc warriors
  A swamp drake (D:9)
  2 sky beasts
  4 black bears
  2 ettin simulacra (Vaults:4)
  10 ogres
  A boggart (Vaults:4)
  6 centaurs
  A phantom (D:7)
  2 kobold brigands
  3 gnoll sergeants
  11 bullfrogs
  2 scorpions (D:7)
  An earth elemental (Elf:1)
  2 deep troll simulacra (Shoals:4)
  A glowing shapeshifter simulacrum (Vaults:4)
  4 wights (D:10)
  A lindwurm simulacrum (Shoals:4)
  10 killer bees
  3 electric eels
  2 howler monkeys
  Crazy Yiuf (D:7)
  4 jellies
  A hound (D:6)
  26 orc priests
  2 gnoll boudas
  2 iguanas (D:5)
  26 orc wizards
  21 gnolls
  9 adders
  A shadow imp (D:6)
  A white imp (D:5)
  3 worms
  A dart slug (D:5)
  89 orcs
  7 ball pythons
  8 endoplasms
  3 giant cockroaches
  4 goblins
  11 hobgoblins
  12 jackals
  20 kobolds
  6 quokkas
  5 bats
  4 frilled lizards
  7 rats
  A pillar of salt (Vaults:1)
  2 plants (Shoals:4)
1856 creatures vanquished.

Vanquished Creatures (collateral kills)
  A Killer Klown (Zot:4)
  Vv (Depths:2)
  3 golden dragons
  2 tentacled monstrosities
  The ghost of Aclimpov the Metallomancer, an adept GrEE of Vehumet (Vaults:4)
  2 Orb Guardians
  3 titans (Vaults:5)
  3 acid blobs
  Polyphemus (Shoals:4)
  A deep elf master archer (Elf:3)
  4 sphinxes
  5 shadow dragons
  A tengu reaver (Depths:3)
  A draconian monk (Zot:3)
  5 nagarajas
  2 rockslimes
  A frost giant (Vaults:5)
  6 vault wardens
  3 fire giants
  4 deep elf sorcerers
  A balrug (Depths:4)
  3 ghost moths
  An orc warlord (Vaults:3)
  4 ironbound preservers
  Louise (Snake:1)
  3 very ugly things
  2 deep elf elementalists (Elf:3)
  4 stone giants
  A demonspawn corrupter (WizLab)
  A war gargoyle (Vaults:5)
  3 quicksilver oozes
  A vampire knight (Depths:1)
  A white draconian (Depths:4)
  A black draconian (Zot:5)
  2 deep elf demonologists
  2 deep elf annihilators
  A halazid warlock (Desolation)
  2 red draconians
  2 spark wasps (Depths:2)
  4 deep elf death magi
  5 deep elf high priests
  A crystal guardian (Vaults:4)
  A merfolk javelineer (Shoals:3)
  2 merfolk impalers (Shoals:4)
  3 ettins
  3 yaktaur captains
  2 fire dragons (Depths:3)
  A great orb of eyes (WizLab)
  6 vault guards
  3 salamander tyrants (Snake:4)
  An ice dragon (Depths:2)
  A servant of whispers (Desolation)
  2 merfolk avatars
  A peacekeeper (Desolation)
  A satyr (Shoals:4)
  6 anacondas
  4 merfolk aquamancers
  2 ironbound frosthearts
  3 alligator snapping turtles
  3 centaur warriors (Vaults:2)
  8 dancing weapons
  8 naga warriors
  A two-headed ogre (D:9)
  A deep troll shaman (Vaults:3)
  2 shock serpents
  A deep elf knight (Elf:3)
  4 naga sharpshooters
  A salamander mystic (Snake:3)
  An iron troll (Depths:2)
  5 hell knights
  A skeletal warrior (D:12)
  5 sea snakes
  A shadow wraith (Vaults:5)
  A deep elf archer (Elf:1)
  2 naga ritualists (Snake:4)
  A golden dragon skeleton (Depths:2)
  5 lindwurms
  4 deep elf zephyrmancers
  An orange crystal statue (IceCv)
  An orc knight (Vaults:4)
  4 wizards
  A harpy (Shoals:2)
  2 deep elf pyromancers
  2 necromancers
  3 mana vipers (Snake:2)
  9 ironbound convokers
  An iron dragon zombie (Depths:2)
  7 manticores
  16 salamanders
  5 ugly things
  A cyclops (Shoals:3)
  2 worldbinders (WizLab)
  3 fauns
  4 shining eyes
  15 naga magi
  A moth of wrath (shapeshifter) (Vaults:5)
  9 black mambas
  A water nymph (Shoals:3)
  2 guardian serpents
  2 vault sentinels
  4 merfolk sirens
  2 rime drakes (IceCv)
  A komodo dragon (shapeshifter) (Depths:3)
  A freezing wraith (D:15)
  5 yaktaurs
  6 merfolk
  A polar bear (Vaults:2)
  A tyrant leech (Lair:5)
  2 wind drakes
  A saltling (Desolation)
  A hornet (Depths:4)
  A snapping turtle (Shoals:4)
  3 slime creatures
  2 yaks
  2 fire elementals
  A water elemental (Shoals:4)
  A golden eye (Slime:1)
  26 nagas
  A water moccasin (Lair:2)
  A floating eye (shapeshifter) (Elf:2)
  An orc warrior (D:9)
  A centaur (D:6)
  4 boggarts (Vaults:1)
  A boggart (shapeshifter) (Vaults:5)
  A kobold brigand (Sewer)
  A bullfrog (D:6)
  3 earth elementals (Elf:1)
  3 jellies
  An orc priest (Vaults:5)
  An iguana (D:7)
  4 adders
  4 gnolls
  A worm (D:2)
  4 orcs
  3 bats
  A giant cockroach (Sewer)
  4 kobolds (Sewer)
386 creatures vanquished.

Vanquished Creatures (others)
  A red draconian (Zot:5)
  A vault guard (Vaults:2)
  2 deep elf zephyrmancers
  A moth of wrath (Zot:3)
  A guardian serpent (Desolation)
  A guardian serpent (shapeshifter) (D:15)
  A rime drake (IceCv)
  A saltling (Desolation)
  An orc warrior (Vaults:5)
  41 fungi
  A pillar of salt (Vaults:1)
  165 plants
  4 starspawn tentacles (WizLab)
  A withered plant (Gauntlet)
222 creatures vanquished.

Grand Total: 2464 creatures vanquished

Table legend:
 A = Non-vault XP
 B = Vault XP
 C = Vault XP percentage of total XP
 D = Non-vault monster count
 E = Vault monster count
 F = Vault count percentage of total count
                 A         B        C        D         E       F
            +---------+---------+-------+---------+---------+-------
      Total |  675561 |  641520 |  48.7 |    1287 |     929 |  41.9
            +---------+---------+-------+---------+---------+-------
        D:1 |      30 |       0 |   0.0 |      19 |       0 |   0.0
        D:2 |      72 |      20 |  21.7 |      14 |       8 |  36.4
        D:3 |     108 |       0 |   0.0 |      21 |       0 |   0.0
        D:4 |     300 |       0 |   0.0 |      34 |       0 |   0.0
        D:5 |     417 |      64 |  13.3 |      17 |       2 |  10.5
        D:6 |     707 |       0 |   0.0 |      14 |       0 |   0.0
        D:7 |    1101 |      42 |   3.7 |      10 |       1 |   9.1
        D:8 |    1032 |    2406 |  70.0 |      17 |      21 |  55.3
        D:9 |    2751 |     584 |  17.5 |      20 |      16 |  44.4
       D:10 |    5290 |       0 |   0.0 |      26 |       0 |   0.0
       D:11 |    5221 |     939 |  15.2 |      25 |       1 |   3.8
       D:12 |   11858 |    6255 |  34.5 |      24 |      13 |  35.1
       D:13 |    4950 |    7121 |  59.0 |      12 |      13 |  52.0
       D:14 |   12914 |       0 |   0.0 |      30 |       0 |   0.0
       D:15 |   20246 |    5548 |  21.5 |      39 |      11 |  22.0
     Lair:1 |    2657 |    1167 |  30.5 |      12 |       2 |  14.3
     Lair:2 |    3655 |    2560 |  41.2 |      11 |       3 |  21.4
     Lair:3 |    5322 |     220 |   4.0 |      16 |       2 |  11.1
     Lair:4 |   12206 |    2136 |  14.9 |      32 |       7 |  17.9
     Lair:5 |   12798 |    9013 |  41.3 |      29 |      35 |  54.7
   Shoals:1 |   11509 |       0 |   0.0 |      21 |       0 |   0.0
   Shoals:2 |   14701 |       0 |   0.0 |      30 |       0 |   0.0
   Shoals:3 |   11933 |       0 |   0.0 |      24 |       0 |   0.0
   Shoals:4 |    6332 |   27597 |  81.3 |      16 |      49 |  75.4
    Snake:1 |   15550 |    1151 |   6.9 |      34 |       1 |   2.9
    Snake:2 |   10152 |    6779 |  40.0 |      21 |      16 |  43.2
    Snake:3 |   25607 |       0 |   0.0 |      52 |       0 |   0.0
    Snake:4 |   29803 |   31914 |  51.7 |      60 |      48 |  44.4
    Slime:1 |   15353 |    7602 |  33.1 |      26 |      10 |  27.8
    Slime:2 |    5494 |       0 |   0.0 |       4 |       0 |   0.0
    Slime:4 |   13426 |    2354 |  14.9 |      21 |       3 |  12.5
    Slime:5 |   11351 |   18137 |  61.5 |      14 |      15 |  51.7
      Orc:1 |    2267 |       0 |   0.0 |      26 |       0 |   0.0
      Orc:2 |    2436 |    9054 |  78.8 |      36 |      71 |  66.4
      Elf:1 |   10278 |   13329 |  56.5 |      19 |      20 |  51.3
      Elf:2 |   12178 |    1649 |  11.9 |      19 |       2 |   9.5
      Elf:3 |   12944 |   30553 |  70.2 |      21 |      27 |  56.2
   Vaults:1 |   19338 |   18551 |  49.0 |      30 |      24 |  44.4
   Vaults:2 |   48832 |   15645 |  24.3 |      70 |      26 |  27.1
   Vaults:3 |   11724 |   19449 |  62.4 |      17 |      22 |  56.4
   Vaults:4 |   37641 |   18607 |  33.1 |      51 |      28 |  35.4
   Vaults:5 |   22569 |  103515 |  82.1 |      28 |     104 |  78.8
   Depths:1 |   29893 |    1519 |   4.8 |      35 |       1 |   2.8
   Depths:2 |   51171 |   20587 |  28.7 |      63 |      17 |  21.2
   Depths:3 |   15753 |   14151 |  47.3 |      19 |      10 |  34.5
   Depths:4 |   35924 |   22746 |  38.8 |      39 |      22 |  36.1
      Zot:1 |    6654 |       0 |   0.0 |       4 |       0 |   0.0
      Zot:2 |    6990 |       0 |   0.0 |       6 |       0 |   0.0
      Zot:3 |   27086 |   34906 |  56.3 |      25 |      48 |  65.8
      Zot:4 |    9784 |       0 |   0.0 |       5 |       0 |   0.0
      Zot:5 |   37253 |   93042 |  71.4 |      29 |      36 |  55.4
      Sewer |       0 |     128 | 100.0 |       0 |      18 | 100.0
      IceCv |       0 |   23794 | 100.0 |       0 |      51 | 100.0
     WizLab |       0 |   27315 | 100.0 |       0 |      32 | 100.0
 Desolation |       0 |   37843 | 100.0 |       0 |      83 | 100.0
   Gauntlet |       0 |    1528 | 100.0 |       0 |      10 | 100.0
            +---------+---------+-------+---------+---------+-------

Illustrated notes

Table legend:
 A = Kills in this place as a percentage of kills in entire the game.
 B = Kills by you in this place as a percentage of kills by you in the entire game.
 C = Kills by friends in this place as a percentage of kills by friends in the entire game.
 D = Other kills in this place as a percentage of other kills in the entire game.
 E = Experience gained in this place as a percentage of experience gained in the entire game.
 F = Experience gained in this place divided by the number of levels of this place that you have seen.
                   A       B       C       D       E      F
               +-------+-------+-------+-------+-------+----------------------
         Total | 100.0 | 100.0 | 100.0 | 100.0 | 100.0 | 22912.9
       Dungeon |  18.5 |  19.3 |   7.0 |  56.4 |   7.2 | 6383.5
          Lair |   6.7 |   7.4 |   0.5 |  21.8 |   3.9 | 10346.8
        Shoals |   6.3 |   5.5 |  11.4 |   0.0 |   5.4 | 18018.0
     Snake Pit |  10.4 |   7.3 |  26.4 |   2.6 |   9.1 | 30239.0
    Slime Pits |   4.2 |   4.5 |   3.4 |   0.0 |   5.5 | 14743.4
  Orcish Mines |   6.0 |   7.0 |   0.0 |  11.5 |   1.0 | 6878.5
   Elven Halls |   4.9 |   4.2 |   8.3 |   2.6 |   6.1 | 26977.0
        Vaults |  18.0 |  17.7 |  22.3 |   2.6 |  23.8 | 63174.2
        Depths |   9.4 |  10.0 |   8.8 |   0.0 |  14.7 | 48822.8
           Zot |   7.0 |   8.0 |   3.4 |   1.3 |  16.4 | 43651.8
         Sewer |   0.8 |   0.7 |   1.6 |   0.0 |   0.0 | 128.0
      Ice Cave |   2.3 |   2.6 |   1.0 |   1.3 |   1.8 | 23794.0
        Wizlab |   1.4 |   0.8 |   4.7 |   0.0 |   2.1 | 27315.0
    Desolation |   3.7 |   4.4 |   1.3 |   0.0 |   2.8 | 37843.0
      Gauntlet |   0.4 |   0.6 |   0.0 |   0.0 |   0.1 | 1528.0
               +-------+-------+-------+-------+-------+----------------------

Table legend: (Time is in decaauts)
 A = Elapsed time spent in this place.
 B = Non-inter-level travel time spent in this place.
 C = Inter-level travel time spent in this place.
 D = Time resting spent in this place.
 E = Time spent auto-exploring this place.
 F = Levels seen in this place.
 G = Mean time per level.
                   A        B        C        D        E       F      G
               +--------+--------+--------+--------+--------+-----+--------+
         Total |  55414 |  49246 |   6168 |   5277 |  28197 |  58 |  955.4 |
       Dungeon |  19360 |  16503 |   2857 |   2701 |   9377 |  15 | 1290.7 |
          Lair |   7159 |   6309 |    850 |    783 |   3796 |   5 | 1431.8 |
        Shoals |   3301 |   3145 |    156 |    125 |   2262 |   4 |  825.2 |
     Snake Pit |   4204 |   4032 |    172 |     97 |   2689 |   4 | 1051.0 |
    Slime Pits |    777 |    706 |     71 |    162 |     38 |   5 |  155.4 |
  Orcish Mines |   1942 |   1649 |    293 |    168 |    826 |   2 |  971.0 |
   Elven Halls |   2385 |   2074 |    311 |     63 |   1322 |   3 |  795.0 |
        Vaults |   7222 |   6104 |   1118 |    278 |   3483 |   5 | 1444.4 |
        Depths |   4474 |   4266 |    208 |    150 |   3186 |   4 | 1118.5 |
           Zot |   2001 |   1874 |    127 |    440 |    530 |   5 |  400.2 |
        Bazaar |    105 |    105 |      0 |      0 |     72 |   1 |  105.0 |
         Sewer |    352 |    352 |      0 |      9 |    244 |   1 |  352.0 |
      Ice Cave |    613 |    613 |      0 |    169 |    199 |   1 |  613.0 |
        Wizlab |    548 |    548 |      0 |     70 |      7 |   1 |  548.0 |
    Desolation |    559 |    559 |      0 |     30 |     72 |   1 |  559.0 |
      Gauntlet |    405 |    405 |      0 |     31 |     94 |   1 |  405.0 |
               +--------+--------+--------+--------+--------+-----+--------+

Top non-repeatable levels by time:
     D:9: 1864 daAuts
    D:10: 1735 daAuts
  Lair:2: 1669 daAuts
Vaults:3: 1628 daAuts
Vaults:4: 1623 daAuts
     D:7: 1589 daAuts
  Lair:5: 1557 daAuts
     D:8: 1556 daAuts
  Lair:4: 1551 daAuts
     D:6: 1468 daAuts
 Snake:4: 1456 daAuts
  Lair:3: 1448 daAuts
Vaults:2: 1426 daAuts
Vaults:1: 1410 daAuts
    D:12: 1409 daAuts
